Map: Terrasses de Prion

Players

Worming

  • Race: Zerg Zerg
  • League: Platinum

GhostCrypt - Winner!

  • Race: Terran Terran
  • League: Gold

VOD

Have the link to the VOD?

Description

Time

  • Played on: Nov. 11, 2015, 2:02 p.m.
  • Length: 13:08
Show
View Real Time Build Order
Export as new Build Order

Worming Zerg 

Build Orders: Pool First 

Get SALT Encoding   

  12  0:01  Drone  
  13  0:12  Overlord  
  13  0:17  Drone  
  14  0:30  Drone x2  
  14  0:34  Drone  
  17  0:47  Spawning Pool  
  17  0:48  Drone  
  17  0:56  Drone  
  18  1:15  Drone, Hatchery  
  18  1:22  Drone  
  19  1:31  Drone  
  20  1:34  Queen, Extractor  
  21  1:50  Zergling x2  
  21  1:53  Overlord  
  22  2:14  Queen  
  24  2:17  Drone x2  
  26  2:22  Overlord  
  26  2:27  Queen  
  26  2:29  Drone  
  29  2:40  Metabolic Boost  
  28  2:58  Drone x6  
  34  3:10  Overlord  
  34  3:12  Hatchery  
  33  3:15  Overlord  
  33  3:16  Zergling x2  
  33  3:17  Zergling x2  
  35  3:47  Drone x10  
  45  3:52  Lair  
  45  3:53  Roach Warren  
  45  3:55  Drone  
  45  3:59  Zergling x4  
  47  4:16  Extractor  
  45  4:17  Extractor  
  45  4:21  Queen  
  45  4:26  Zergling x8  
  45  4:27  Overlord x2  
  49  4:33  Roach  
  49  4:34  Roach x3  
  55  4:43  Drone  
  56  4:47  Drone x2  
  49  5:11  Roach x7  
  49  5:12  Roach x3  
  66  5:26  Drone x6  
  67  5:32  Glial Reconstitution  
  62  5:38  Drone  
  63  5:53  Drone x4  
  63  5:54  Drone  
  68  6:03  Hydralisk Den  
  41  6:36  Roach x8  
  55  6:40  Burrow  
  55  6:51  Tunneling Claws  
  55  6:52  Drone x3  
  58  6:59  Drone x5  
  58  7:00  Drone  
  58  7:01  Drone  
  65  7:02  Drone  
  65  7:07  Drone x2  
  68  7:17  Zergling x2  
  69  7:23  Hydralisk  
  69  7:24  Hydralisk x3  
  77  7:30  Drone x5, Extractor  
  81  7:37  Overseer  
  81  7:41  Spore Crawler  
  81  7:42  Spore Crawler  
  76  7:47  Hydralisk  
  76  7:48  Hydralisk x2  
  73  8:06  Spore Crawler, Drone x3  
  73  8:08  Drone x4  
  73  8:09  Drone  
  80  8:15  Overlord, Muscular Augments  
  80  8:16  Overlord  
  80  8:21  Pneumatized Carapace  
  80  8:23  Drone x2  
  82  8:28  Overlord  
  82  8:33  Overlord  
  79  8:46  Drone  
  79  8:47  Drone x2  
  81  8:48  Roach x4  
  81  8:49  Roach x3  
  65  9:16  Infestation Pit  
  64  9:18  Drone x2  
  64  9:20  Drone  
  64  9:21  Drone x2, Extractor  
  68  9:34  Lurker Den  
  68  9:38  Drone  
  68  9:39  Drone  
  68  9:41  Evolution Chamber  
  68  9:42  Hatchery  
  68  9:44  Hatchery, Evolution Chamber  
  66  9:45  Extractor  
  66  9:46  Drone x3  
  66  9:49  Roach  
  66  9:50  Roach x11  
  66  9:52  Hatchery  
  89  10:05  Overlord x2  
  89  10:06  Roach x3  
  89  10:07  Roach x2  
  99  10:14  Ravager x3  
  100  10:15  Hydralisk  
  100  10:16  Zergling x2  
  100  10:17  Zergling x6  
  108  10:22  Drone x3  
  108  10:23  Overlord  
  108  10:26  Zergling x2  
  112  10:37  Spire  
  111  10:44  Roach x6  
  123  10:59  Ravager x2  
  123  11:00  Ravager  
  123  11:01  Zergling x2, Roach  
  123  11:02  Zergling x12  
  135  11:11  Roach  
  135  11:12  Roach x4  
  122  11:29  Zergling x22  
  122  11:30  Zergling x2  
  123  11:52  Mutalisk x5  
  80  12:02  Mutalisk x2  
  80  12:05  Zergling x12  
  89  12:10  Overseer  
  80  12:30  Roach x8  
  94  12:48  Zergling x2, Roach  
  94  12:49  Zergling x8  
Show
View Real Time Build Order
Export as new Build Order

GhostCrypt Terran - Winner!

Build Orders: Hellion Banshee, Mech 

Get SALT Encoding   

  12  0:00  SCV  
  13  0:12  SCV  
  14  0:21  Supply Depot  
  14  0:25  SCV  
  15  0:43  SCV  
  15  0:45  Barracks  
  16  0:55  SCV  
  17  1:07  SCV  
  18  1:14  Refinery  
  18  1:15  Refinery  
  18  1:19  SCV  
  19  1:32  SCV  
  20  1:38  Command Center  
  20  1:47  Orbital Command  
  20  1:52  Reaper  
  21  2:11  Factory  
  21  2:13  SCV  
  22  2:25  SCV  
  22  2:26  Supply Depot  
  23  2:32  Barracks Reactor  
  23  2:48  SCV  
  24  3:00  SCV  
  24  3:02  Factory  
  25  3:14  Hellion  
  25  3:15  Hellion  
  25  3:16  Orbital Command  
  25  3:19  Barracks Tech Lab  
  29  3:23  SCV  
  30  3:35  Hellion, SCV  
  30  3:36  Hellion  
  34  3:51  SCV x2  
  34  3:53  Barracks Tech Lab  
  34  3:54  Infernal Pre-Igniter  
  36  3:56  Starport, Hellion x2  
  36  3:58  Hellion  
  42  4:03  SCV  
  42  4:04  SCV  
  42  4:08  Supply Depot  
  44  4:19  SCV  
  44  4:22  SCV  
  46  4:30  Hellion x3  
  52  4:31  SCV  
  52  4:33  Supply Depot  
  52  4:35  Supply Depot  
  53  4:41  SCV  
  53  4:43  Cloaking Field  
  54  4:51  Supply Depot  
  54  4:55  Hellion, Banshee, SCV x2  
  54  4:59  Hellion x2  
  61  5:17  Hellion  
  61  5:20  Hellion  
  59  5:35  SCV  
  50  5:36  SCV  
  50  5:37  Banshee  
  50  5:38  Siege Tank  
  50  5:39  Factory  
  57  5:44  Supply Depot  
  57  5:48  Armory, SCV x2  
  59  5:50  Refinery  
  59  5:51  Refinery  
  59  5:56  Widow Mine x2  
  63  6:00  SCV  
  61  6:29  Orbital Command  
  58  6:50  Siege Tank  
  61  7:01  Factory Tech Lab, Supply Depot  
  61  7:08  Supply Depot  
  61  7:09  Supply Depot  
  61  7:12  Hellion x2, Banshee  
  61  7:14  SCV x2  
  70  7:20  Siege Tank  
  70  7:22  Siege Tank  
  76  7:27  Factory  
  76  7:28  SCV  
  76  7:29  SCV  
  78  7:36  Command Center  
  78  7:38  Supply Depot x2  
  78  7:55  Siege Tank, SCV x2  
  78  7:56  Hellion x2, Siege Tank  
  90  8:13  Supply Depot x2  
  90  8:17  Hellion  
  90  8:18  Terran Vehicle Weapons Level 1  
  92  8:22  Factory Tech Lab  
  92  8:25  Supply Depot  
  92  8:27  Siege Tank  
  92  8:29  SCV  
  92  8:33  SCV  
  97  8:41  SCV  
  97  8:43  Siege Tank  
  97  8:44  Hellion x3  
  110  9:00  Siege Tank  
  110  9:05  Orbital Command, Hellion x2  
  110  9:12  Engineering Bay  
  110  9:13  Raven  
  110  9:16  SCV x2  
  111  9:22  Siege Tank x2  
  117  9:36  SCV  
  118  9:40  Orbital Command  
  118  9:44  SCV  
  116  9:48  Hellion x2, Siege Tank, SCV  
  116  9:49  Missile Turret  
  122  9:58  Viking  
  122  9:59  Siege Tank  
  125  10:01  Missile Turret  
  125  10:13  SCV  
  126  10:16  Siege Tank  
  126  10:17  Refinery  
  129  10:22  Refinery  
  129  10:25  SCV x2  
  131  10:31  Missile Turret  
  131  10:56  Thor, Hellion, Siege Tank x2  
  131  10:57  Hellion  
  147  11:09  Command Center  
  145  11:18  Hellion x2  
  145  11:28  Thor, Viking  
  145  11:29  Hellion  
  155  11:39  Hellion  
  155  11:47  Siege Tank  
  155  11:50  Siege Tank  
  148  11:58  Viking  
  148  12:11  Hellion x2, Siege Tank  
  155  12:19  Siege Tank  
  155  12:22  Hellion  
  157  12:28  Armory  
  155  12:31  Viking  
  155  12:32  Hellion x2  
  155  12:34  SCV x2  
  163  12:42  Command Center x2  
Tags
 
Add a new tag
Caveats
  • Supply blocks, unpowered buildings, or Contaminate may cause inaccurate times.
  • Supply counts are checked every 10 seconds.